 Dungeon Crawl Stone Soup version 0.28-a0-589-g333b8329f1 (webtiles) character file.

Game seed: 6552361097731157998

28 Heedrag the Chiller (level 3, -2/26 HPs)
             Began as a Demonspawn Ice Elementalist on Oct 3, 2021.
             Succumbed to Terence's poison
             ... on level 2 of the Dungeon.
             The game lasted 00:02:11 (1512 turns).

Heedrag the Chiller (Demonspawn Ice Elementalist)   Turns: 1512, Time: 00:02:12

Health: -2/26      AC:  3    Str:  8    XL:     3   Next: 0%
Magic:  2/6        EV: 16    Int: 17    God:
Gold:   114        SH:  0    Dex: 13    Spells: 5/6 levels left

rFire   . . .      SeeInvis .   k - +0 spear
rCold   . . .      Faith    .   (no shield)
rNeg    . . .      Spirit   .   a - +0 robe
rPois   .          Reflect  .   (no helmet)
rElec   .          Harm     .   (no cloak)
rCorr   .          Rampage  .   (no gloves)
Will    .....                   (no boots)
Stlth   ++........              (no amulet)
HPRegen 0.08/turn               i - +4 ring of evasion
MPRegen 0.10/turn               (no ring)

@: lethally poisoned (-2 -> -30)
A: sharp scales 1
a: no special abilities


You were on level 2 of the Dungeon.
You visited 1 branch of the dungeon, and saw 2 of its levels.

You collected 114 gold pieces.

Inventory:

Hand Weapons
 k - a +0 spear (weapon)
   (You took it off a kobold on level 1 of the Dungeon)
Missiles
 c - 4 atropa-tipped darts
Armour
 a - a +0 robe (worn)
 n - a +2 kite shield
   (You found it on level 2 of the Dungeon)
Jewellery
 i - a +4 ring of evasion (left hand)
   (You found it on level 1 of the Dungeon)
Wands
 o - a wand of mindburst (15)
   (You found it on level 2 of the Dungeon)
Scrolls
 d - 2 scrolls of teleportation {unknown}
 f - a scroll of identify {unknown}
 h - a scroll of fog {unknown}
 l - a scroll of immolation {unknown}
 m - a scroll of vulnerability {unknown}
 p - a scroll of magic mapping {unknown}
Potions
 b - a potion of curing {unknown}
 e - 2 potions of heal wounds {unknown}
 g - a potion of haste {@q3}
 j - a potion of lignification {unknown}


   Skills:
 + Level 1.0 Fighting
 + Level 2.0 Dodging
 + Level 2.0 Stealth
 + Level 2.2 Spellcasting
 * Level 3.9 Ice Magic


You had 5 spell levels left.
You knew the following spells:

 Your Spells              Type           Power      Damage    Failure   Level
a - Freeze                Ice            60%        1d8       3%          1

Your spell library contained the following spells:

 Spells                   Type           Power      Damage    Failure   Level
 Frozen Ramparts          Ice            30%        1d5       11%         3
 Ozocubu's Armour         Ice            15%        N/A       11%         3
 Dazzling Flash           Conj/Hex       2%         N/A       50%         3
 Hailstorm                Conj/Ice       8%         3d4       63%         4
 Agony                    Necr           1%         N/A       99%         5
 Silence                  Hex/Air        0%         N/A       99%         5


Dungeon Overview and Level Annotations

Branches:
Dungeon (2/15)

Altars:

Annotations:
D:2 Terence


Innate Abilities, Weirdness & Mutations

You are partially covered in razor-sharp scales. (AC +1, Slay +1)


Message History

A rat is nearby!
A rat is nearby!
A rat is nearby!
A rat is nearby!
You see here 12 gold pieces.
You reach to attack!
You hit the rat.
You kill the rat!
You now have 114 gold pieces (gained 12).
Found 5 gold pieces.
You see here a +0 ring mail.
Found a fuming dark potion.
A frilled lizard comes into view.
A frilled lizard is nearby!
A frilled lizard is nearby!
A frilled lizard is nearby!
A frilled lizard is nearby!
The frilled lizard hisses angrily.
Terence the Incautious comes into view.
He is wielding a +1 short sword of venom.
Aim: a frilled lizard You freeze the frilled lizard.
You kill the frilled lizard!
Terence shouts!
Terence drinks a potion.
Terence seems to speed up.
You have reached level 3!
Your experience leads to an increase in your attributes!
Increase (S)trength, (I)ntelligence, or (D)exterity?
You feel clever. Terence says, "How do you enjoy it?"
Something unseen opens the door.
Terence says, "Rest in peace."
Terence hits you with a +1 short sword of venom.
Terence hits you with a +1 short sword of venom.
You are poisoned.
There is a stone staircase leading up here.
Aim: Terence, wielding a +1 short sword of venom and wearing a +0 scale mail (fast)
You freeze Terence.
You feel very sick.
Terence hits you with a +1 short sword of venom.
You are lethally poisoned!
Aim: Terence, wielding a +1 short sword of venom and wearing a +0 scale mail (moderately wounded, fast)
You freeze Terence.
* * * LOW HITPOINT WARNING * * *
You feel very sick.
Terence hits you with a +1 short sword of venom.
* * * LOW HITPOINT WARNING * * *
You are more poisoned.
Terence closely misses you.
Aim: Terence, wielding a +1 short sword of venom and wearing a +0 scale mail (heavily wounded, fast)
You freeze Terence.
You die...

#...♣♣♣♣♣♣♣♣♣.##.....# #
#..#..#....##.......##
$..##.##..#..#....#####..#(.###♣
.....†...................#.....♣
...##.##..####.........†.......♣
+. #....##.#...#......##...♣ #
##♣.♣#.................#.
###.+##.#....#......##.#.
#.♣.♣..@@....+......# ..
####+........##..#....#.# ...
#....[♣.♣........#....#..# ..
#...........###.##.......^.
#.....♣.♣...# #.#...+#...###
#...........♣ ♣.♣.♣.. .....
...###'#.......... ...... .....
.....†......##.#♣#♣.♣.♣#. ####
...###......# ...


You could see Terence (fast).

Vanquished Creatures
  2 ball pythons (D:1)
  7 endoplasms
  A giant cockroach (D:2)
  2 hobgoblins (D:1)
  A quokka (D:1)
  4 bats
  3 frilled lizards
  A goblin (D:1)
  A kobold (D:1)
  4 rats
26 creatures vanquished.

Vanquished Creatures (others)
  A plant (D:2)
1 creature vanquished.

Grand Total: 27 creatures vanquished

Notes
Turn   | Place    | Note
-------+----------+-------------------------------------------
     0 | D:1      | Heedrag the Demonspawn Ice Elementalist began the quest for
                  | the Orb.
     0 | D:1      | Reached XP level 1. HP: 13/13 MP: 3/3
   653 | D:1      | Gained mutation: You are partially covered in razor-sharp
                  | scales. (AC +1, Slay +1) [demonic ancestry]
   653 | D:1      | Reached XP level 2. HP: 20/20 MP: 3/5
   964 | D:1      | Found a faded altar of an unknown god.
  1308 | D:1      | Reached skill level 1 in Fighting
  1497 | D:2      | Noticed Terence
  1499 | D:2      | Reached XP level 3. HP: 26/26 MP: 4/6
  1512 | D:2      | Succumbed to Terence's poison

Illustrated notes

Levels and vault maps discovered:
D:1:      zelgadis_glass_arrival_large, layout_rooms,
          hellmonk_ecumenical_altar_crossroads, minmay_octomino_e4
D:2:      layout_basic, serial_forest, infiniplex_forest_straight_3,
          infiniplex_forest_lined_2, infiniplex_forest_clump_curved,
          infiniplex_forest_lined_3_way, infiniplex_forest_zigzag_2,
          infiniplex_forest_zigzag_2, infiniplex_forest_clump_double,
          serial_shops, nicolae_shop_stone, uniq_terence, uniq_robin

Skill      XL: |  1  2 |
---------------+-------+-----
Stealth        | 2 |  2.0
Dodging        | 2 |  2.0
Fighting       | 1 |  1.0
Spellcasting   | |  2.2
Ice Magic      | |  3.9

Action                   || total
-------------------------++-------
Melee: Unarmed           ||    19
       Spear             ||    16
 Cast: Freeze            ||    27
 Stab: Sleeping          ||     4
Armor: Robe              ||     9
Dodge: Dodged            ||    32

Table legend: (Time is in decaauts)
 A = Elapsed time spent in this place.
 B = Non-inter-level travel time spent in this place.
 C = Inter-level travel time spent in this place.
 D = Time resting spent in this place.
 E = Time spent auto-exploring this place.
 F = Levels seen in this place.
 G = Mean time per level.
                   A        B        C        D        E       F      G
               +--------+--------+--------+--------+--------+-----+--------+
         Total |   1512 |   1474 |     38 |    169 |   1073 |   2 |  756.0 |
       Dungeon |   1512 |   1474 |     38 |    169 |   1073 |   2 |  756.0 |
               +--------+--------+--------+--------+--------+-----+--------+

Top non-repeatable levels by time:
     D:1: 1347 daAuts
     D:2: 164 daAuts
